 Seeded DCSS version 0.31-a0-277-g31ea1f65cc (webtiles) character file.

Game seed: 8917691805809255915 (custom seed)

584 bmack86 the Cleaver (level 7, 0/57 HPs)
             Began as a Minotaur Fighter on July 15, 2023.
             Was an Initiate of Okawaru.
             Slain by Grinder (3 damage)
             ... while paralysed by Grinder
             ... on level 3 of the Dungeon.
             The game lasted 00:07:05 (2573 turns).

bmack86 the Cleaver (Minotaur Fighter)              Turns: 2573, Time: 00:07:05

Health: 0/57       AC: 12    Str: 23    XL:     7   Next: 14%
Magic:  6/6        EV:  2    Int:  5    God:    Okawaru [......]
Gold:   142        SH:  0    Dex:  9    Spells: 6/6 levels left

rFire   . . .        a - +1 war axe
rCold   . . .        c - +0 buckler
rNeg    . . .        m - +0 plate armour
rPois   .            k - +0 hat
rElec   .            (no cloak)
rCorr   .            f - +0 pair of gloves
SInv    .            (no boots)
Will    .....        r - amulet of regeneration Stlth
                     e - ring of flight
HPRegen 0.29/turn    (no ring)
MPRegen 0.10/turn

%: no passive effects
@: paralysed, flying
A: horns 2, retaliatory headbutt
a: Renounce Religion


You were on level 3 of the Dungeon.
You worshipped Okawaru.
Okawaru was noncommittal.
You visited 2 branches of the dungeon, and saw 5 of its levels.

You collected 142 gold pieces.

Inventory:

Hand Weapons
 a - a +1 war axe (weapon)
Missiles
 g - 5 javelins (quivered)
 q - a throwing net
Armour
 b - a +0 scale mail
 c - a +0 buckler (worn)
 f - a +0 pair of gloves (worn)
 k - a +0 hat (worn)
 m - a +0 plate armour (worn)
Jewellery
 e - a ring of flight (left hand)
 j - a ring of protection from fire
 r - an amulet of regeneration (around neck)
Scrolls
 i - a scroll of poison
Potions
 d - a potion of might
 h - a potion of enlightenment
 l - a potion of curing
 n - a potion of brilliance {unknown}
 o - a potion of lignification
 p - a potion of mutation {unknown}


   Skills:
 - Level 3.6 Fighting
 + Level 9.5 Axes
 - Level 3.6 Armour
 - Level 3.6 Shields


You had 6 spell levels left.
You didn't know any spells.
Your spell library contained the following spells:

 Spells                   Type           Power      Damage    Failure   Level
 Ensorcelled Hibernation  Hex/Ice        0%         N/A       100%        2
 Passwall                 Tmut/Erth      0%         N/A       100%        2
 Swiftness                Air            0%         N/A       100%        3


Dungeon Overview and Level Annotations

Branches:
Dungeon (4/15)             Temple (1/1) D:4

Altars:
Ashenzari
Cheibriados
Dithmenos
Fedhas
Hepliaklqana
Makhleb
Nemelex Xobeh
Okawaru
Qazlal
Ru
Trog
Vehumet
Wu Jian
Yredelemnul
Zin
The Shining One

Shops:
D:1 (   D:4 [

Annotations:
D:3 Grinder
Temple 2 transporters


Innate Abilities, Weirdness & Mutations

You have a pair of horns on your head.
You reflexively headbutt those who attack you in melee.


Message History

Okawaru accepts your kill.
Grinder comes into view.
Grinder shouts!
You hear a shout!
Things that are here:
a +0 hand axe; a +0 ring mail Grinder hits you but does no damage.
You hit Grinder. You headbutt Grinder, but do no damage.
Grinder is lightly wounded.
You block Grinder's attack.
You closely miss Grinder.
Grinder is lightly wounded.
Grinder gestures at you. Pain shoots through your body!
You barely miss Grinder.
Grinder is lightly wounded.
Grinder hits you but does no damage.
You slash Grinder! You headbutt Grinder, but do no damage.
Grinder is moderately wounded.
Grinder gestures at you. Pain shoots through your body!
You hit Grinder.
Grinder is heavily wounded.
Grinder hits you but does no damage.
You slash Grinder! Your headbutt misses Grinder.
Grinder is severely wounded.
Grinder gestures at you.
You struggle to resist.
You hit Grinder.
Grinder is almost dead.
Grinder gestures at you. Pain shoots through your body!
* * * LOW HITPOINT WARNING * * *
You barely miss Grinder. Your headbutt misses Grinder.
Grinder is almost dead.
Grinder gestures at you.
You suddenly lose the ability to move!
Grinder hits you.
* * * LOW HITPOINT WARNING * * *
You writhe in agony.
You die...

≈≈≈~≈≈~~....~≈≈≈≈≈≈≈ ≈≈≈≈≈≈~..
≈~~~~~~~....≈~~≈~~≈~ ~~≈~≈~≈..
...........5........ ......P...
####....>........... ...[......
#.######..# ########..
#.##....#.# ########## #.^
#.##....#)# #........# ###
#.##....#.###........#
#.#.....).).5@.......#
####.#..................#
#.......................#
#.(...........).........#########
...........##).....#######.......
...........##..)...## ##.......
...#.#...####.......# #.......)
...#.#...#..........## #......).
..................)))####......).


You could see Grinder.

Vanquished Creatures
  A black bear (D:4)
  A sky beast (D:4)
  A howler monkey (D:3)
  A jelly (D:4)
  3 hounds (D:3)
  Robin (D:3)
  9 gnolls
  2 adders
  3 worms (D:3)
  4 dart slugs
  3 orcs (D:3)
  10 ball pythons
  6 bats
  4 endoplasms
  3 giant cockroaches
  16 goblins
  11 hobgoblins
  10 jackals (D:3)
  2 quokkas
  3 frilled lizards
  9 kobolds
  4 rats
107 creatures vanquished.

Notes
Turn   | Place    | Note
-------+----------+-------------------------------------------
     0 | D:1      | bmack86 the Minotaur Fighter began the quest for the Orb.
     0 | D:1      | Reached XP level 1. HP: 19/19 MP: 0/0
    32 | D:1      | Reached skill level 3 in Axes
    32 | D:1      | Found Duod's Antique Weapon Shoppe.
   100 | D:1      | Reached XP level 2. HP: 25/26 MP: 1/1
   253 | D:1      | Reached skill level 4 in Axes
   289 | D:1      | Reached XP level 3. HP: 31/31 MP: 2/2
   609 | D:2      | Found a faded altar of an unknown god.
   884 | D:2      | Reached skill level 5 in Axes
   970 | D:2      | Found a stormy altar of Qazlal.
   980 | D:2      | Reached XP level 4. HP: 39/39 MP: 3/3
  1444 | D:3      | Reached skill level 6 in Axes
  1456 | D:4      | Found Rugem's Antique Armour Shoppe.
  1486 | D:4      | Noticed a black bear
  1496 | D:4      | Killed a black bear
  1497 | D:4      | Reached skill level 7 in Axes
  1497 | D:4      | Reached XP level 5. HP: 28/45 MP: 4/4
  1523 | D:4      | Noticed a sky beast
  1530 | D:4      | Killed a sky beast
  1531 | D:4      | Reached XP level 6. HP: 43/51 MP: 5/5
  1744 | D:4      | Reached skill level 8 in Axes
  1781 | D:4      | Found a staircase to the Ecumenical Temple.
  1788 | Temple   | Entered the Ecumenical Temple
  1788 | Temple   | Found a transporter.
  1788 | Temple   | Found a transporter.
  1790 | Temple   | Found a transporter.
  1790 | Temple   | Found a transporter.
  1815 | Temple   | Became a worshipper of Warmaster Okawaru
  1926 | D:3      | Identified the +0 helmet "Daitaacu" {rC- rN+ Str-4 Dex+5}
  1926 | D:3      | Noticed Robin
  1943 | D:3      | Killed Robin
  2156 | D:3      | Reached skill level 9 in Axes
  2186 | D:3      | Reached XP level 7. HP: 57/57 MP: 6/6
  2555 | D:3      | Noticed Grinder
  2572 | D:3      | Paralysed by Grinder for 2 turns
  2573 | D:3      | Slain by Grinder

Illustrated notes

Levels and vault maps discovered:
D:1:      psy_arrival_statuary, layout_basic, serial_shops, shop,
          minmay_pentomino_q4
D:2:      layout_basic, shapermc_ecumenical_altar_ellora, basic_altar
D:3:      lemuel_castle_with_subvaults [lemuel_castle_interior_carwin_2],
          layout_basic, uniq_grinder, uniq_robin
D:4:      layout_basic, temple_green, serial_shops, shop
Temple:   hellmonk_temple_divided_pantheon

Skill      XL: |  1  2  3  4  5  6 |
---------------+-------------------+-----
Axes           | 3 4 5 7 9 |  9.5
Fighting       | |  3.6
Armour         | |  3.6
Shields        | |  3.6

Action                     |  1- 3 |  4- 6 |  7- 9 || total
---------------------------+-------+-------+-------++-------
  Melee: War axe           |    76 |   107 |    25 ||   208
         Headbutt          |     9 |    15 |     7 ||    31
    Use: Scroll            |       |     8 |       ||     8
 Armour: Scale mail        |    55 |     7 |       ||    62
         Plate armour      |       |    73 |     9 ||    82
  Dodge: Dodged            |    37 |    49 |     4 ||    90
  Block: Buckler           |    11 |    27 |     5 ||    43

Table legend: (Time is in decaauts)
 A = Elapsed time spent in this place.
 B = Non-inter-level travel time spent in this place.
 C = Inter-level travel time spent in this place.
 D = Time resting spent in this place.
 E = Time spent auto-exploring this place.
 F = Levels seen in this place.
 G = Mean time per level.
                   A        B        C        D        E       F      G
               +--------+--------+--------+--------+--------+-----+--------+
         Total |   2617 |   2569 |     48 |    100 |   1469 |   5 |  523.4 |
       Dungeon |   2566 |   2518 |     48 |    100 |   1469 |   4 |  641.5 |
        Temple |     50 |     50 |      0 |      0 |      0 |   1 |   50.0 |
               +--------+--------+--------+--------+--------+-----+--------+

Top non-repeatable levels by time:
     D:3: 836 daAuts
     D:2: 767 daAuts
     D:1: 597 daAuts
     D:4: 365 daAuts
  Temple: 50 daAuts
